 Dungeon Crawl Stone Soup version 0.28-a0-268-g3f656e82c2 (webtiles) character file.

Game seed: 2900961029170145401

793 Conn the Sneak (level 7, -6/43 HPs)
             Began as an Octopode Fire Elementalist on Aug 28, 2021.
             Mangled by Duvessa (17 damage)
             ... on level 4 of the Dungeon.
             The game lasted 00:10:55 (5076 turns).

Conn the Sneak (Octopode Fire Elementalist)         Turns: 5076, Time: 00:10:55

Health: -6/43      AC: 12    Str:  8    XL:     7   Next: 88%
Magic:  11/13      EV: 20    Int: 19    God:
Gold:   1529       SH:  0    Dex: 18    Spells: 3/14 levels left

rFire   . . .      SeeInvis .   (weapon currently unavailable)
rCold   . . .      Faith    .   (shield currently unavailable)
rNeg    + + +      Spirit   .   (helmet currently unavailable)
rPois   +          Reflect  .   (no amulet)
rElec   .          Harm     .   f - +6 ring of dexterity
rCorr   .          Rampage  .   (no ring)
Will    .....                   (no ring)
Stlth   +++.......              (no ring)
HPRegen 0.14/turn               (no ring)
MPRegen 0.13/turn               (no ring)
                                (no ring)
                                (no ring)

@: mighty, fungus-form (expiring)
A: melee confuse, terrified, no casting, almost no armour, (amphibious), 8
rings, tiny, (camouflage 1), (gelatinous body 1), (nimble swimmer 1),
(tentacles)
a: no special abilities


You were on level 4 of the Dungeon.
You were a sentient fungus.
You visited 2 branches of the dungeon, and saw 6 of its levels.

You collected 1529 gold pieces.

Inventory:

Hand Weapons
 c - a +0 short sword
 g - a +1 vampiric dagger (melded)
 h - a +1 mace of protection
Missiles
 s - a throwing net
Jewellery
 f - a +6 ring of dexterity (left hypha)
 n - an amulet of the acrobat
Wands
 r - a wand of flame (26)
Scrolls
 a - 2 scrolls of identify {unknown}
 i - 3 scrolls of teleportation
 l - a scroll of blinking {unknown}
 m - a scroll of vulnerability {unknown}
 o - a scroll of noise {unknown}
 q - 3 scrolls of amnesia {unknown}
Potions
 b - a potion of curing {unknown}
 d - a potion of brilliance
 e - a potion of attraction {unknown}
 j - a potion of might
 k - 2 potions of heal wounds {unknown}
Miscellaneous
 p - a piece from Xom's chessboard (12/15)


   Skills:
 + Level 1.2 Fighting
 + Level 2.7 Short Blades
 + Level 3.0 Dodging
 + Level 5.2 Stealth
 + Level 4.3 Spellcasting
 + Level 3.2 Conjurations
 + Level 4.6 Fire Magic
 + Level 1.5 Evocations


You had 3 spell levels left.
You knew the following spells:

 Your Spells              Type           Power      Damage    Failure   Level
a - Foxfire               Conj/Fire      72%        2x1d7     2%          1
b - Conjure Flame         Conj/Fire      18%        6-21      9%          3
c - Inner Flame           Hex/Fire       12%        N/A       16%         3
d - Sticky Flame          Conj/Fire      18%        2d4       26%         4

Your spell library contained the following spells:

 Spells                   Type           Power      Damage    Failure   Level
 Fireball                 Conj/Fire      9%         3d6       58%         5


Dungeon Overview and Level Annotations

Branches:
Dungeon (5/15)             Temple (1/1) D:4

Altars:
Ashenzari
Cheibriados
Dithmenos
Elyvilon
Fedhas
Gozag
Kikubaaqudgha
Ru
Trog
Uskayaw
Vehumet
Wu Jian
Xom
Yredelemnul
Zin

Shops:
D:4 (

Annotations:
D:3 2 transporters, papapa55's ghost, amateur DrFE
D:4 Duvessa


Innate Abilities, Weirdness & Mutations

You are a sentient fungus.
You are tiny and evasive.
Your melee attack releases spores that confuse breathing creatures.
You become terrified and freeze when enemies are visible.
Your armour is entirely melded.
You are incapable of wielding weapons or throwing items.
You cannot cast spells.
You cannot wear most types of armour.
((You are amphibious.))
You can wear up to eight rings at the same time.
((Your skin changes colour to match your surroundings (Stealth+).))
((Your rubbery body absorbs attacks. (AC +1, EV +1)))
((You are camouflaged near water. (Stealth+)))
((You have tentacles for arms and can constrict up to eight enemies at once.))


Message History

Aim: Dowan, wielding a +0 dagger and wearing a +0 robe (severely wounded, chance to confuse on hit: 70%, 56% to hit)
The puff of flame hits Dowan.
Dowan is almost dead.
Dowan casts a spell at you. The puff of flame misses you.
Aiming: Throw Flame
Press: ? - help, Shift-Dir - straight line, f/p - Dowan
Aim: Dowan, wielding a +0 dagger and wearing a +0 robe (almost dead, chance to confuse on hit: 70%, 56% to hit)
The puff of flame misses Dowan.
Duvessa zaps a wand.
You resist with some effort.
Aiming: Throw Flame
Press: ? - help, Shift-Dir - straight line, f/p - Dowan
Aim: Dowan, wielding a +0 dagger and wearing a +0 robe (almost dead, chance to confuse on hit: 70%, 56% to hit)
The puff of flame hits Dowan.
You kill Dowan!
Duvessa screams, "No!
How DARE you!"
Duvessa goes berserk!
Duvessa is engulfed in blazing flames.
Duvessa hits you with a +2 short sword of distortion.
You blink.
Your Evocations skill increases to level 1!
You feel very mighty all of a sudden.
Your transformation is almost over.
You're too terrified to move while being watched!
You barely miss Duvessa.
Duvessa is lightly wounded.
Duvessa completely misses you. Duvessa misses you.
You release spores at Duvessa.
Duvessa is lightly wounded.
Duvessa hits you with a +2 short sword of distortion.
Space warps horribly around you!!
Ouch! That really hurt!
* * * LOW HITPOINT WARNING * * *
Okay, then.
Okay, then.
You release spores at Duvessa!
Duvessa appears confused.
Duvessa is heavily wounded.
Duvessa completely misses you.
You release spores at Duvessa!
Duvessa is severely wounded.
Duvessa hits you with a +2 short sword of distortion!
You die...

#####.###################..######
#.......# #..# # #.##∩##.## #..#
# #.#...#..# ####### #..# #
#.#(..#..# #.....######..# #
#.#.(.#..###.........[...######
###((.#....#.................##
#...#....#...)......[..[...#
#.((#....#..f..#####.......##
#########.....###e#<.............
..............###)####....(#####.
######..................#........
#.......##)#.###...........#
######.......##)#......##.......#
.......)........................#
##.###......###.######.##......[)
##.###......###......#.##.......#


You could see Duvessa (berserk, confused).

Vanquished Creatures
  Sigmund (D:2)
  An ogre (D:4)
  A phantom (D:4)
  Blork the orc (D:4)
  Dowan (D:4)
  A jelly (D:4)
  A hound (D:4)
  An orc priest (D:4)
  Terence (D:2)
  8 gnolls
  7 adders
  A worm (D:3)
  3 dart slugs
  6 orcs
  6 ball pythons
  3 bats
  8 endoplasms
  4 giant cockroaches
  9 goblins
  4 hobgoblins
  3 jackals (D:2)
  3 kobolds
  2 quokkas
  3 training dummies (D:4)
  2 frilled lizards
  4 rats
  2 butterflies (D:4)
87 creatures vanquished.

Vanquished Creatures (others)
  297 foxfires
297 creatures vanquished.

Grand Total: 384 creatures vanquished

Notes
Turn   | Place    | Note
-------+----------+-------------------------------------------
     0 | D:1      | Conn the Octopode Fire Elementalist began the quest for the
                  | Orb.
     0 | D:1      | Reached XP level 1. HP: 11/11 MP: 3/3
   175 | D:1      | Reached skill level 3 in Stealth
   265 | D:1      | Reached XP level 2. HP: 17/17 MP: 3/5
   362 | D:1      | You fall into a shaft and drop 1 floor!
   509 | D:2      | Noticed Terence
   893 | D:1      | Found a faded altar of an unknown god.
   930 | D:1      | Reached XP level 3. HP: 21/21 MP: 6/6
   973 | D:1      | Learned a level 3 spell: Conjure Flame
  1851 | D:2      | You fall into a shaft and drop 1 floor!
  1928 | D:3      | Reached XP level 4. HP: 27/27 MP: 4/8
  2097 | D:3      | Reached skill level 1 in Short Blades
  2286 | D:3      | Found a transporter.
  2286 | D:3      | Noticed papapa55's ghost (amateur DrFE)
  2304 | D:3      | Reached XP level 5. HP: 29/32 MP: 9/9
  2451 | D:3      | Found a transporter.
  2791 | D:2      | Noticed Sigmund
  2806 | D:2      | Killed Terence
  2861 | D:2      | Killed Sigmund
  2862 | D:2      | Reached skill level 1 in Fighting
  2862 | D:2      | Reached skill level 4 in Stealth
  2862 | D:2      | Reached XP level 6. HP: 38/38 MP: 1/11
  3153 | D:3      | Learned a level 3 spell: Inner Flame
  3158 | D:3      | Learned a level 4 spell: Sticky Flame
  3159 | D:3      | Identified a scroll of acquirement
  3159 | D:3      | Acquired 1345 gold pieces
  3202 | D:4      | Found a staircase to the Ecumenical Temple.
  3210 | Temple   | Entered the Ecumenical Temple
  3489 | D:4      | Reached XP level 7. HP: 32/43 MP: 2/12
  3732 | D:4      | Reached skill level 5 in Stealth
  3807 | D:4      | Noticed Blork the orc
  3815 | D:4      | Killed Blork the orc
  3902 | D:4      | Found a shimmering altar of Xom.
  3982 | D:4      | Noticed Dowan
  3987 | D:5      | Entered Level 5 of the Dungeon
  4112 | D:4      | Found a white marble altar of Elyvilon.
  4182 | D:4      | Noticed Duvessa
  4724 | D:4      | Found Korecs's Firing Range.
  5070 | D:4      | Killed Dowan
  5071 | D:4      | Reached skill level 1 in Evocations
  5076 | D:4      | Mangled by Duvessa

Illustrated notes

Levels and vault maps discovered:
D:1:      wander_arrival_chamber, layout_loops_ring,
          dilly_ecumenical_altar_fadedgnrine
D:2:      layout_loops_ring, uniq_terence, uniq_sigmund
D:3:      layout_rooms, gammafunk_ghost_mausoleum, minivault_11, minmay_circle_x
D:4:      layout_basic, xom_butterflies, mainiacjoe_overflow_alcove_2,
          minmay_temple_entry_junction, nicolae_shop_firing_range, uniq_duvessa,
          uniq_blork_the_orc
D:5:      layout_gridville, gammafunk_temple_overflow_wave
Temple:   cyrus_circular_temple

Skill      XL: |  1  2  3  4  5  6  7 |
---------------+----------------------+-----
Stealth        | 3 4 5 |  5.2
Short Blades   | 1 2 |  2.7
Spellcasting   | 3 4 |  4.3
Fighting       | 1 |  1.2
Conjurations   | 2 3 |  3.2
Fire Magic     | 4 |  4.6
Dodging        | 3 |  3.0
Evocations     | 1 |  1.5

Action                   |  1- 3 |  4- 6 |  7- 9 || total
-------------------------+-------+-------+-------++-------
Melee: Short sword       |     6 |       |       ||     6
       Unarmed           |     2 |       |     4 ||     6
       Constrict         |     4 |    12 |       ||    16
       Dagger            |    18 |    34 |    13 ||    65
       Tentacles         |     6 |     9 |     3 ||    18
 Cast: Foxfire           |    52 |    57 |    67 ||   176
       Conjure Flame     |       |     1 |     1 ||     2
Evoke: Wand              |       |       |     8 ||     8
       Piece from Xom's  |       |       |     3 ||     3
  Use: Scroll            |       |     2 |       ||     2
       Potion            |       |       |     3 ||     3
 Stab: Sleeping          |     6 |     3 |     1 ||    10
Armor: Skin              |     2 |     2 |       ||     4
Dodge: Dodged            |    17 |    34 |     6 ||    57

Table legend: (Time is in decaauts)
 A = Elapsed time spent in this place.
 B = Non-inter-level travel time spent in this place.
 C = Inter-level travel time spent in this place.
 D = Time resting spent in this place.
 E = Time spent auto-exploring this place.
 F = Levels seen in this place.
 G = Mean time per level.
                   A        B        C        D        E       F      G
               +--------+--------+--------+--------+--------+-----+--------+
         Total |   5074 |   4999 |     75 |    276 |   3490 |   6 |  845.7 |
       Dungeon |   5018 |   4951 |     67 |    276 |   3455 |   5 | 1003.6 |
        Temple |     55 |     47 |      8 |      0 |     35 |   1 |   55.0 |
               +--------+--------+--------+--------+--------+-----+--------+

Top non-repeatable levels by time:
     D:4: 1528 daAuts
     D:3: 1203 daAuts
     D:2: 1195 daAuts
     D:1: 1079 daAuts
  Temple: 55 daAuts
     D:5: 12 daAuts
